 Dungeon Crawl Stone Soup version 0.30-a0-540-g0af01429fa (webtiles) character file.

Game seed: 15470999898316574826

252 Sabo the Covered (level 5, 0/49 HPs)
             Began as an Armataur Fighter on Dec 25, 2022.
             Was an Initiate of Dithmenos.
             Slain by a goblin
             ... wielding a +0 club
             ... led by Robin
              (2 damage)
             ... on level 4 of the Dungeon.
             The game lasted 00:14:29 (3243 turns).

Sabo the Covered (Armataur Fighter)                 Turns: 3243, Time: 00:14:30

Health: 0/49       AC: 10    Str: 25    XL:     5   Next: 89%
Magic:  5/5        EV:  3    Int: 15    God:    Dithmenos [......]
Gold:   138        SH:  4    Dex:  9    Spells: 4/4 levels left

rFire   . . .      SeeInvis .    a - +0 war axe
rCold   . . .      Faith    .    c - +0 buckler
rNeg    . . .      Spirit   .    g - +0 chain mail
rPois   .          Reflect  .    (no helmet)
rElec   .          Harm     .    s - +0 cloak
rCorr   .          Roll     +    (no gloves)
Will    .....                    (no barding) Stlth
                                 (no amulet)
HPRegen 0.28/turn                f - ring "Bykhaxoc" {Str+2 Int+6}
MPRegen 0.09/turn                (no ring)

@: mighty, grasped by roots, constricted
A: large, rugged brown scales 3, deformed body, armoured tail, roll, long
tongue, awkward tongue
a: Renounce Religion


You were on level 4 of the Dungeon.
You worshipped Dithmenos.
Dithmenos was noncommittal.
You visited 1 branch of the dungeon, and saw 4 of its levels.

You collected 138 gold pieces.

Inventory:

Hand Weapons
 a - a +0 war axe (weapon)
Armour
 c - a +0 buckler (worn)
 g - a +0 chain mail (worn)
 s - a +0 cloak (worn)
Jewellery
 e - an amulet of magic regeneration
 f - the ring "Bykhaxoc" (left hand) {Str+2 Int+6}
   (You found it on level 3 of the Dungeon)

   [ring of intelligence]

   Str:       It affects your strength (+2).
   Int:       It affects your intelligence (+6).
Scrolls
 b - a scroll of immolation {unknown}
 i - a scroll of fog
 p - a scroll of teleportation {unknown}
 t - a scroll of magic mapping {unknown}
Potions
 h - 2 potions of heal wounds {unknown}
 j - a potion of curing {unknown}
 k - a potion of mutation {unknown}
 m - a potion of flight {unknown}
 n - a potion of attraction {unknown}
 o - a potion of lignification {unknown}
 q - a potion of resistance {unknown}
 r - a potion of degeneration {unknown}


   Skills:
 + Level 3.8 Fighting
 + Level 3.0 Axes
 + Level 5.2 Armour
 + Level 0.4 Dodging
 + Level 0.4 Stealth
 + Level 4.0 Shields


You had 4 spell levels left.
You didn't know any spells.
Your spell library contained the following spells:

 Spells                   Type           Power      Damage    Failure   Level
 Beastly Appendage        Tmut           0%         N/A       91%         1
 Wereblood                Tmut           0%         N/A       97%         2
 Spider Form              Tmut/Pois      0%         N/A       99%         3
 Borgnjor's Revivificati  Necr           0%         N/A       100%        8
 Necromutation            Tmut/Necr      0%         N/A       100%        8
 Death's Door             Necr           0%         N/A       100%        9


Dungeon Overview and Level Annotations

Branches:
Dungeon (4/15)
 Temple: D:4-7

Altars:
Dithmenos
Hepliaklqana
Makhleb
Qazlal
Xom

Annotations:
D:4 Blork the orc, Robin


Innate Abilities, Weirdness & Mutations

You are completely covered in rugged brown scales. (AC +3, +7% HP)
Armour fits poorly on your strangely shaped body.
You have a long armoured tail.
You roll when moving toward enemies. (Rampage)
Your long tongue fully drains potion bottles. (2x potion effects)
Your tongue gives you trouble enunciating. (1.5x scroll delay)


Message History

Dithmenos accepts your kill.
You slash the goblin!
You kill the goblin!
Dithmenos accepts your kill.
You closely miss the goblin. The grasping roots constrict you.
You block the goblin's attack. The goblin hits you but does no damage.
A goblin comes into view. It is wielding a +0 club.
The goblin hits you with a +0 club. The grasping roots constrict you.
The goblin hits you but does no damage. x2
The grasping roots release their grip on you.
You closely miss the goblin. You barely miss Robin. You barely miss the goblin.
You hit the goblin. The goblin hits you with a +0 club.
Robin zaps a wand.
The roots erupt in riotous growth!
The grasping roots grab you!
The goblin is unaffected. x2; Robin is unaffected.
The goblin is unaffected.
The grasping roots constrict you. The goblin hits you but does no damage.
You block the goblin's attack. The goblin hits you but does no damage.
You hear a shout!
You completely miss the goblin. You barely miss Robin.
You closely miss the goblin. You slash the goblin!
You kill the goblin!
Dithmenos accepts your kill. Robin throws the goblin at you!
The grasping roots constrict you.
* * * LOW HITPOINT WARNING * * *
Blork the orc screams, "You are the ugliest creature I've ever seen!"
The goblin hits you but does no damage. The goblin hits you with a +0 club.
* * * LOW HITPOINT WARNING * * *
Robin hits you but does no damage. The grasping roots constrict you.
* * * LOW HITPOINT WARNING * * *
The goblin hits you but does no damage. The goblin hits you with a +0 club.
* * * LOW HITPOINT WARNING * * *
You slurp down every last drop of the potion of might!
You feel very mighty all of a sudden.
The goblin no longer looks unusually strong.
The goblin hits you but does no damage. Robin throws the goblin at you!
The grasping roots constrict you.
* * * LOW HITPOINT WARNING * * *
You block the goblin's attack. The goblin hits you but does no damage.
The goblin hits you with a +0 club.
You die...

. .#.#.......
#.#....#.....
##.#..........
#............
#..........#
#.......o.##.
#........... #.g)g......
#.g@g......
##>)g....#..$... .
###......##...... #.
#......#....##...##..
###.....#....##.......
###...........# #.......
#.............# ##......
##......#.....#.#.......
#..##..#.....#......<..


You could see Blork the orc, Robin and 4 goblins.

Vanquished Creatures
  An ogre (D:4)
  A jelly (D:4)
  An iguana (D:4)
  6 adders
  A worm (D:2)
  2 dart slugs (D:3)
  An orc (D:3)
  6 ball pythons
  An endoplasm (D:1)
  2 giant cockroaches
  9 goblins
  5 hobgoblins
  7 jackals (D:1)
  A quokka (D:2)
  7 bats
  4 frilled lizards
  5 kobolds
  3 rats
63 creatures vanquished.

Vanquished Creatures (others)
  A plant (D:2)
1 creature vanquished.

Grand Total: 64 creatures vanquished

Notes
Turn   | Place    | Note
-------+----------+-------------------------------------------
     0 | D:1      | Sabo the Armataur Fighter began the quest for the Orb.
     0 | D:1      | Reached XP level 1. HP: 19/19 MP: 1/1
    23 | D:1      | Found a faded altar of an unknown god.
   280 | D:1      | Reached XP level 2. HP: 27/27 MP: 2/2
   563 | D:1      | Reached XP level 3. HP: 33/33 MP: 3/3
  1373 | D:2      | Reached skill level 4 in Armour
  1373 | D:2      | Reached XP level 4. HP: 42/42 MP: 4/4
  1661 | D:3      | Found a shimmering altar of Xom.
  1676 | D:3      | Found a shadowy altar of Dithmenos.
  1857 | D:3      | Became a worshipper of Dithmenos the Shadowed
  1895 | D:3      | Identified the ring "Bykhaxoc" {Str+2 Int+6}
  2257 | D:3      | Found a burning altar of Makhleb.
  2258 | D:3      | Found a stormy altar of Qazlal.
  2258 | D:3      | Found a hazy altar of Hepliaklqana.
  2750 | D:4      | Noticed Blork the orc
  2935 | D:4      | Noticed an ogre
  2943 | D:4      | Killed an ogre
  2944 | D:4      | Reached skill level 5 in Armour
  2944 | D:4      | Reached XP level 5. HP: 5/49 MP: 5/5
  3231 | D:4      | Noticed Robin
  3234 | D:4      | Noticed a lemure
  3243 | D:4      | HP: 2/49 [constriction (3)]
  3243 | D:4      | Slain by a goblin

Illustrated notes

Levels and vault maps discovered:
D:1:      nicolae_arrival_memento_mori, layout_rooms,
          ebering_ecumenical_altar_hall, minmay_liquid_box
D:2:      layout_basic, serial_forest, infiniplex_forest_straight_1,
          infiniplex_forest_lined_ring, infiniplex_forest_clump_curved,
          infiniplex_forest_end_2, infiniplex_forest_lined_3_way,
          infiniplex_forest_straight_2, infiniplex_forest_lined_3
D:3:      layout_loops_corners, chequers_temple_overflow_statue_of_worship,
          mainiacjoe_overflow_catwalk_spiral, kennysheep_generic_room_11
D:4:      layout_cave_pools, grunt_temple_overflow_magic_moments,
          amcnicky_altar_gilded, minmay_temple_entry_antechambers, uniq_robin,
          uniq_blork_the_orc, uniq_pikel

Skill      XL: |  1  2  3  4  5 |
---------------+----------------+-----
Fighting       | 3 |  3.8
Axes           | 2 3 |  3.0
Armour         | 4 5 |  5.2
Shields        | 4 |  4.0
Dodging        | |  0.4
Stealth        | |  0.4

Action                   |  1- 3 |  4- 6 || total
-------------------------+-------+-------++-------
Melee: War axe           |    87 |    56 ||   143
       Tailslap          |    10 |     8 ||    18
  Use: Scroll            |     1 |     2 ||     3
       Potion            |       |     1 ||     1
Armor: Scale mail        |    11 |       ||    11
       Chain mail        |    74 |    46 ||   120
Dodge: Dodged            |    30 |    19 ||    49
Block: Buckler           |    24 |    26 ||    50

Table legend: (Time is in decaauts)
 A = Elapsed time spent in this place.
 B = Non-inter-level travel time spent in this place.
 C = Inter-level travel time spent in this place.
 D = Time resting spent in this place.
 E = Time spent auto-exploring this place.
 F = Levels seen in this place.
 G = Mean time per level.
                   A        B        C        D        E       F      G
               +--------+--------+--------+--------+--------+-----+--------+
         Total |   3305 |   3305 |      0 |    450 |      0 |   4 |  826.2 |
       Dungeon |   3305 |   3305 |      0 |    450 |      0 |   4 |  826.2 |
               +--------+--------+--------+--------+--------+-----+--------+

Top non-repeatable levels by time:
     D:3: 1180 daAuts
     D:2: 1024 daAuts
     D:1: 668 daAuts
     D:4: 431 daAuts
